 Dungeon Crawl Stone Soup version 0.24.1-14-gf8d2b509d9 (webtiles) character file.

Game seed: 15995036928709908645, levelgen mode: deterministic

157052 KlarStein the Fencer (level 17, -2/146 HPs)
             Began as a Demonspawn Berserker on Dec 17, 2020.
             Was a High Priest of Trog.
             Slain by a deep elf blademaster
             ... wielding a +0 rapier
              (3 damage)
             ... on level 3 of the Elven Halls.
             The game lasted 02:21:24 (22386 turns).

KlarStein the Fencer (Demonspawn Berserker)        Turns: 22386, Time: 02:21:25

Health: -2/146     AC:  9    Str: 46    XL:     17   Next: 11%
Magic:  0/17       EV: 24    Int:  9    God:    Trog [*****.]
Gold:   524        SH:  0    Dex: 21    Spells: 16/16 levels left

rFire    + . .     SeeInvis .   N - +6 triple sword "Demon's Bane" {elec, Str+3}
rCold    + + .     Gourm    .   (shield currently unavailable)
rNeg     . . .     Faith    .   G - +1 scale mail of Ofeafeix {-Tele rElec Str+8}
rPois    .         Spirit   +   j - +2 helmet
rElec    +         Reflect  .   (no cloak)
rCorr    .         Harm     .   m - +1 pair of gloves
MR       ++++.     NoTele   +   (no boots)
Stlth    +.........             r - amulet of the Imp {Acrobat *Corrode rC+ Str+9}
HPRegen  2.34/turn              D - ring of protection from magic
MPRegen  0.30/turn              g - ring "Ashel" {rF+ Str+5 Dex+3}

@: corroded, berserk cooldown, regenerating, hasted and slowed
A: hooves 2, blurry vision 1, cold resistance 1, powered by death 2, screaming
1, strong 1, magic shield, magic regeneration, magic link, subdued magic 1,
sturdy frame 3
a: Berserk, Trog's Hand, Brothers in Arms, Renounce Religion


You were on level 3 of the Elven Halls.
You worshipped Trog.
Trog was extremely pleased with you.
You were near starving.

You visited 5 branches of the dungeon, and saw 23 of its levels.
You visited the Abyss 2 times.
You also visited: Ossuary and Bailey.

You collected 2412 gold pieces.
You spent 1888 gold pieces at shops.

Inventory:

Hand Weapons
 z - a +2 double sword of flaming
 A - a +3 scimitar of flaming
 N - the +6 triple sword "Demon's Bane" (weapon) {elec, Str+3}
   (Trog gifted it to you on level 1 of the Lair of Beasts)

   Occasionally, upon striking a foe, it will discharge some electrical energy
   and cause terrible harm.
   It affects your strength (+3).
 P - a +2 scimitar of flaming
 V - a +3 longbow of velocity
Missiles
 i - 3 atropa-tipped darts
 w - 62 poisoned darts
 U - 3 curare-tipped darts (quivered)
 Y - a throwing net
Armour
 j - a +2 helmet (worn)
 m - a +1 pair of gloves (worn)
 B - a +0 shield
 F - a +1 chain mail of fire resistance
 G - the +1 scale mail of Ofeafeix (worn) {-Tele rElec Str+8}
   (You found it on level 11 of the Dungeon)

   It affects your strength (+8).
   It insulates you from electricity.
   It prevents most forms of teleportation.
 J - a +0 chain mail of positive energy
Jewellery
 g - the ring "Ashel" (right hand) {rF+ Str+5 Dex+3}
   (You bought it in a shop on level 2 of the Orcish Mines)

   [ring of dexterity]

   It affects your strength (+5).
   It affects your dexterity (+3).
   It protects you from fire.
 p - an uncursed ring of resist corrosion
 r - the amulet of the Imp (around neck) {Acrobat *Corrode rC+ Str+9}
   (You bought it in a shop on level 2 of the Orcish Mines)

   [amulet of the acrobat]

   It helps you evade while moving and waiting.
   It affects your strength (+9).
   It protects you from cold.
   It may corrode you when you take damage.
 t - an uncursed ring of ice
 D - a ring of protection from magic (left hand)
 S - an uncursed ring of protection from cold
Wands
 a - a wand of scattershot (6)
 f - a wand of acid (15)
 o - a wand of flame (54)
 I - a wand of enslavement (18)
 O - a wand of paralysis (11)
Scrolls
 d - 7 scrolls of enchant armour
 l - 3 scrolls of fog
 q - 6 scrolls of enchant weapon
 x - 11 scrolls of teleportation
 y - 7 scrolls of remove curse
 H - 4 scrolls of identify
 K - a scroll of summoning
 M - 4 scrolls of blinking
 Q - a scroll of magic mapping
 T - a scroll of fear
Potions
 b - 4 potions of curing
 e - 5 potions of lignification
 h - a potion of berserk rage {unknown}
 n - 2 potions of mutation
 s - 3 potions of ambrosia
 u - 6 potions of brilliance
 v - a potion of haste
 E - 3 potions of cancellation
 L - 2 potions of magic
 W - 2 potions of flight
 Z - a potion of agility
Miscellaneous
 R - a phial of floods
Comestibles
 c - 39 rations
 k - 7 chunks of flesh


   Skills:
 + Level 16.8 Fighting
 * Level 17.6 Long Blades
 + Level 15.3 Armour
 + Level 13.0 Dodging


You had 16 spell levels left.
You didn't know any spells.
Your spell library contained the following spells:

 Spells                   Type           Power        Failure   Level  Hunger
 Throw Frost              Conj/Ice       #.....       50%         2    ###....
 Summon Forest            Summ/Tloc      #.........   100%        5    ######.
 Spellforged Servitor     Conj/Summ      #.........   100%        7    #######


Dungeon Overview and Level Annotations

Branches:
Dungeon (11/15)            Temple (1/1) D:6            Lair (6/6) D:11
  Swamp (0/4) Lair:2       Spider (0/4) Lair:3        Slime (0/5) Lair:6
    Orc (2/2) D:11            Elf (3/3) Orc:2       Ossuary (visited)
 Bailey (visited)

Altars:
Ashenzari
Cheibriados
Dithmenos
Elyvilon
Fedhas
Gozag
Hepliaklqana
Kikubaaqudgha
Makhleb
Nemelex Xobeh
Okawaru
Qazlal
Ru
Sif Muna
Trog
Uskayaw
Vehumet
Wu Jian
Xom
Yredelemnul
Zin
The Shining One

Shops:
D:7 *   Orc:2 *[=(


Innate Abilities, Weirdness & Mutations

You have hoof-like feet.
You regenerate health from kills.
When hurt, damage is shared between your health and your magic reserves.
You regenerate magic rapidly.
When low on magic, you restore magic in place of health.
Your movements are significantly less encumbered by armour. (ER -6)
Scrolls take you a little longer to read.
Your flesh is cold resistant. (rC+)
You occasionally shout uncontrollably at your foes.
Your muscles are strong. (Str +2)
Your spells are a little easier to cast, but a little less powerful.


Message History

The sun demon hits you!
* * * LOW HITPOINT WARNING * * *
You are engulfed in flames!
You resist.
* * * LOW HITPOINT WARNING * * *
Your deep troll goes berserk!
You are near starving!
The deep elf annihilator seems less brilliant.
The sun demon hits you.
* * * LOW HITPOINT WARNING * * *
You are engulfed in flames!
You resist.
* * * LOW HITPOINT WARNING * * *
The deep elf sorcerer points at you and mumbles some strange words.
The bolt of acid hits you!!
* * * LOW HITPOINT WARNING * * *
The acid corrodes you!
You are splashed with acid!
* * * LOW HITPOINT WARNING * * *
The deep elf annihilator casts a spell.
The deep elf annihilator blinks!
The deep elf blademaster hits you with a +0 rapier.
You die...

###.........###
#.........2...#
...............
......412e....§
.§ee...ee.e....
....###e###....
. ##.)(..## .
###Tee3...###
#.(..@......#
#....e......#
#...)(.e...(#
#...........#
#........e..#
#....(......#
###.......###
##.....##
###.###


You could see 2 deep elf blademasters, an Ice Fiend, a hell beast, 2 deep elf
annihilators, a deep elf death mage, 2 deep elf sorcerers, a deep elf
elementalist, a sun demon, a deep elf demonologist, a hellion and a friendly
deep troll (berserk).

Vanquished Creatures
  A lich (Abyss:2)
  A deep elf master archer (Elf:3)
  Kirke (Lair:6)
  4 deep elf sorcerers
  An orc warlord (Orc:2)
  2 deep elf elementalists (Elf:3)
  A stone giant (D:11)
  2 deep elf demonologists
  4 dire elephants (Lair:6)
  Snorg (Lair:4)
  A deep elf annihilator (Elf:3)
  A deep elf death mage (Elf:2)
  3 ettins
  A blizzard demon (Abyss:3)
  A deep elf high priest (Elf:3)
  A catoblepas (Lair:2)
  An anaconda (Lair:6)
  2 two-headed ogres
  7 hydras
  An ogre mage (D:11)
  2 hell hogs (Abyss:2)
  Erica (Lair:2)
  23 dancing weapons
  2 thrashing horrors
  2 death yaks (Lair:5)
  An orc high priest (Orc:2)
  A titan zombie (D:11)
  Sonja (D:10)
  18 deep elf knights
  6 wretched stars
  Nergalle (Lair:4)
  2 spatial maelstroms
  2 unseen horrors
  8 deep elf archers
  6 orc knights
  3 orc sorcerers
  55 deep elf magi
  13 cyclopes (D:11)
  2 stone giant zombies (D:11)
  An oklob plant (Lair:5)
  2 apocalypse crabs (Abyss:2)
  A shining eye (Abyss:3)
  2 smoke demons
  3 black mambas
  4 elephants (Lair:6)
  7 spiny frogs
  A torpor snail (Lair:5)
  An efreet (Abyss:2)
  A rime drake (Lair:4)
  A catoblepas zombie (Abyss:2)
  A komodo dragon (shapeshifter) (Elf:1)
  A tormentor (Abyss:2)
  2 ice devils (Lair:6)
  11 komodo dragons
  5 trolls
  2 ancient zymes (Abyss:3)
  2 hornets
  3 polar bears
  2 raiju (Abyss:2)
  A fire dragon zombie (Abyss:2)
  11 hippogriffs
  15 blink frogs
  2 bog bodies (Lair:2)
  2 dream sheep (D:8)
  3 air elementals
  8 redbacks (Elf:2)
  A ynoxinul (Abyss:2)
  Sigmund (D:5)
  A wraith (D:11)
  A hog (Lair:6)
  59 yaks
  6 wyverns
  A basilisk (Lair:5)
  A chaos spawn (Abyss:2)
  7 fire elementals
  3 water elementals
  4 neqoxecs
  2 hungry ghosts (D:8)
  A steam dragon (D:9)
  Menkaure (D:6)
  6 small abominations
  4 large abominations
  A spatial vortex (Abyss:2)
  7 wargs
  14 water moccasins
  10 porcupines
  42 orc warriors
  An ice beast (D:8)
  4 sky beasts
  2 phantoms
  A black bear (Lair:5)
  5 centaurs
  14 ogres
  9 wolves
  13 crocodiles
  Blork the orc (D:5)
  15 bullfrogs
  4 big kobolds
  2 earth elementals
  A cyclops zombie (D:11)
  6 killer bees (D:11)
  4 scorpions
  A water moccasin skeleton (D:7)
  4 wights (D:6)
  4 howler monkeys
  An electric eel (Lair:5)
  13 crimson imps
  3 jellies
  2 centaur zombies (Ossuary)
  2 quasits
  2 bullfrog zombies
  11 starcursed masses
  4 hounds
  A lava snake (Lair:3)
  A bullfrog skeleton (D:11)
  A centaur skeleton (D:4)
  A human zombie (Ossuary)
  8 orc priests
  Ijyb (D:3)
  5 iguanas
  20 orc wizards
  5 worker ants
  A big kobold zombie (Ossuary)
  A hound zombie (D:5)
  A hound skeleton (D:9)
  6 mummies (Ossuary)
  2 worker ant zombies (D:11)
  2 howler monkey zombies
  9 gnolls
  12 adders
  A shadow imp (D:7)
  3 ufetubi
  An ooze (D:2)
  An adder skeleton (D:9)
  4 worms
  4 dart slugs
  2 leopard geckos
  80 orcs
  3 ball pythons
  6 giant cockroaches
  A gnoll zombie (Ossuary)
  18 goblins
  6 hobgoblins
  10 jackals
  5 quokkas
  4 bats
  11 frilled lizards
  2 goblin zombies (Ossuary)
  15 kobolds
  An orc zombie (Ossuary)
  11 rats
  2 plants (Lair:6)
851 creatures vanquished.

Vanquished Creatures (collateral kills)
  A smoke demon (Abyss:2)
  A spatial vortex (Abyss:2)
2 creatures vanquished.

Vanquished Creatures (others)
  A thrashing horror (Abyss:2)
  A deep elf mage (Elf:2)
  2 raiju (Abyss:3)
  4 humans (Lair:6)
  An ufetubus (Abyss:2)
  An orc (Bailey)
  19 fungi
  2 plants (Lair:6)
31 creatures vanquished.

Grand Total: 884 creatures vanquished

Notes
Turn   | Place    | Note
-------+----------+-------------------------------------------
     0 | D:1      | KlarStein the Demonspawn Berserker began the quest for the
                  | Orb.
     0 | D:1      | Reached XP level 1. HP: 18/18 MP: 1/1
   307 | D:1      | Gained mutation: Your movements are slightly less
                  | encumbered by armour. (ER -2) [demonic ancestry]
   307 | D:1      | Reached XP level 2. HP: 24/24 MP: 2/2
   412 | D:1      | Reached skill level 3 in Long Blades
   589 | D:1      | Reached ** piety under Trog
   655 | D:1      | Reached XP level 3. HP: 29/29 MP: 3/3
  1250 | D:2      | Reached XP level 4. HP: 33/35 MP: 4/4
  2301 | D:2      | Found a faded altar of an unknown god.
  2466 | D:3      | Found an iron altar of Okawaru.
  2475 | D:3      | Gained mutation: When hurt, damage is shared between your
                  | health and your magic reserves. [demonic ancestry]
  2475 | D:3      | Reached XP level 5. HP: 42/42 MP: 5/5
  2561 | D:3      | Reached *** piety under Trog
  2575 | D:3      | Noticed Ijyb
  2600 | D:3      | Killed Ijyb
  2600 | D:3      | Reached skill level 4 in Long Blades
  3280 | D:4      | Gained mutation: You have large cloven feet. [demonic
                  | ancestry]
  3280 | D:4      | Reached XP level 6. HP: 48/48 MP: 6/6
  3976 | D:5      | Entered Level 5 of the Dungeon
  3999 | D:5      | Noticed Blork the orc
  4015 | D:5      | Killed Blork the orc
  4015 | D:5      | Reached skill level 5 in Long Blades
  4015 | D:5      | Gained mutation: Your movements are less encumbered by
                  | armour. (ER -4) [demonic ancestry]
  4015 | D:5      | Reached XP level 7. HP: 55/55 MP: 7/7
  4094 | D:5      | Reached **** piety under Trog
  4509 | D:5      | Reached skill level 5 in Fighting
  4531 | D:5      | Reached skill level 6 in Long Blades
  4573 | D:5      | Reached XP level 8. HP: 44/62 MP: 5/8
  4577 | D:5      | Noticed Sigmund
  5038 | D:5      | Found a shimmering altar of Xom.
  5272 | D:5      | Killed Sigmund
  5429 | D:6      | Received a gift from Trog
  5720 | D:6      | Reached skill level 7 in Long Blades
  5805 | D:6      | Found a sand-covered staircase.
  5813 | Ossuary  | Entered an ossuary
  5930 | Ossuary  | Reached skill level 5 in Armour
  5930 | Ossuary  | Reached skill level 5 in Dodging
  6073 | D:6      | Gained mutation: You are occasionally teleported next to
                  | monsters. [potion of mutation]
  6073 | D:6      | Gained mutation: Your muscles are strong. (Str +2) [potion
                  | of mutation]
  6075 | D:6      | Lost mutation: Your muscles are strong. (Str +2) [potion of
                  | mutation]
  6075 | D:6      | Lost mutation: You are occasionally teleported next to
                  | monsters. [potion of mutation]
  6075 | D:6      | Gained mutation: You are occasionally teleported next to
                  | monsters. [potion of mutation]
  6075 | D:6      | Gained mutation: You evolve. [potion of mutation]
  6095 | D:6      | Found a shimmering altar of Xom.
  6144 | D:6      | Gained mutation: You regenerate a little health from kills.
                  | [demonic ancestry]
  6144 | D:6      | Reached XP level 9. HP: 67/69 MP: 9/9
  6180 | D:6      | Noticed Menkaure
  6212 | D:6      | Killed Menkaure
  6212 | D:6      | Reached ***** piety under Trog
  6426 | D:6      | Found a white marble altar of Elyvilon.
  6627 | D:6      | Found a staircase to the Ecumenical Temple.
  6636 | Temple   | Entered the Ecumenical Temple
  6718 | Temple   | Gained mutation: You have hoof-like feet. [evolution]
  6864 | D:7      | Found Qenoet's Assorted Antiques.
  6874 | D:7      | Bought a potion of mutation for 264 gold pieces
  6874 | D:7      | Lost mutation: You are occasionally teleported next to
                  | monsters. [potion of mutation]
  6874 | D:7      | Lost mutation: You evolve. [potion of mutation]
  6874 | D:7      | Gained mutation: Scrolls take you a little longer to read.
                  | [potion of mutation]
  6874 | D:7      | Gained mutation: Your mind is acute. (Int +2) [potion of
                  | mutation]
  6909 | D:7      | Reached skill level 8 in Long Blades
  7143 | D:7      | Received a gift from Trog
  7268 | D:7      | Found a hide-covered altar of Uskayaw.
  7280 | D:7      | Lost mutation: Your mind is acute. (Int +2) [potion of
                  | mutation]
  7280 | D:7      | Gained mutation: You are agile. (Dex +2) [potion of
                  | mutation]
  7280 | D:7      | Gained mutation: Your spells are a little easier to cast,
                  | but a little less powerful. [potion of mutation]
  7280 | D:7      | Gained mutation: Your muscles are strong. (Str +2) [potion
                  | of mutation]
  7280 | D:7      | Gained mutation: Your flesh is cold resistant. (rC+)
                  | [potion of mutation]
  7506 | D:7      | Bought a scroll of teleportation for 99 gold pieces
  7630 | D:8      | Noticed a two-headed ogre
  7637 | D:8      | Killed a two-headed ogre
  7637 | D:8      | Reached skill level 9 in Long Blades
  7637 | D:8      | Gained mutation: You regenerate magic rapidly. [demonic
                  | ancestry]
  7637 | D:8      | Reached XP level 10. HP: 79/79 MP: 2/10
  7839 | D:8      | Found an ornate altar of the Wu Jian Council.
  7839 | D:8      | Found a shimmering altar of Xom.
  8385 | D:8      | Noticed a three-headed hydra
  8389 | D:8      | Killed a four-headed hydra
  8391 | D:8      | Reached skill level 10 in Long Blades
  8713 | D:9      | Received a gift from Trog
  8715 | D:9      | Mutation became permanent: You have large cloven feet.
                  | [demonic ancestry]
  8715 | D:9      | Gained mutation: You have hoof-like feet. [demonic
                  | ancestry]
  8715 | D:9      | Reached XP level 11. HP: 77/86 MP: 9/11
  9108 | D:10     | Entered Level 10 of the Dungeon
  9117 | D:10     | Noticed Sonja
  9238 | D:10     | Killed an unseen horror
  9308 | D:10     | Killed Sonja
  9416 | D:10     | Reached skill level 11 in Long Blades
  9522 | D:10     | Found a flagged portal.
  9537 | Bailey   | Entered a bailey
  9541 | Bailey   | Reached ****** piety under Trog
  9882 | Bailey   | Found a roughly hewn altar of Beogh.
  9882 | Bailey   | Noticed an orc knight
  9892 | Bailey   | Killed an orc knight
  9893 | Bailey   | Received a gift from Trog
 10261 | D:11     | Noticed an ettin
 10269 | D:11     | Killed an ettin
 10381 | D:11     | Noticed an ogre mage
 10381 | D:11     | Noticed a two-headed ogre
 10384 | D:11     | Killed a two-headed ogre
 10397 | D:11     | Killed an ogre mage
 10397 | D:11     | Gained mutation: You regenerate health from kills. [demonic
                  | ancestry]
 10397 | D:11     | Reached XP level 12. HP: 28/97 MP: 3/12
 10836 | D:11     | Found a staircase to the Lair.
 10848 | D:11     | Reached skill level 10 in Fighting
 11152 | D:11     | Reached skill level 12 in Long Blades
 11249 | D:11     | Found a staircase to the Orcish Mines.
 11260 | D:11     | Got an ichor-stained scale mail
 11272 | D:11     | Identified the +1 scale mail of Ofeafeix {-Tele rElec
                  | Str+8} (You found it on level 11 of the Dungeon)
 11339 | D:11     | Got a sparkling wooden ring
 11341 | D:11     | Identified the ring "Hurch" {Ice Stlth+} (You found it on
                  | level 11 of the Dungeon)
 11675 | D:11     | Noticed an ettin
 11675 | D:11     | Noticed a stone giant
 12125 | D:11     | Killed a stone giant
 12125 | D:11     | Reached skill level 10 in Armour
 12127 | D:11     | Received a gift from Trog
 12169 | D:11     | Killed an ettin
 12358 | Lair:1   | Entered Level 1 of the Lair of Beasts
 12367 | Lair:1   | Received a gift from Trog
 12373 | Lair:1   | Got a scorched triple sword {god gift}
 12374 | Lair:1   | Identified the +6 triple sword "Demon's Bane" {elec, Str+3}
                  | (Trog gifted it to you on level 1 of the Lair of Beasts)
 12486 | Lair:1   | Reached XP level 13. HP: 106/106 MP: 13/13
 12655 | Lair:1   | Reached skill level 13 in Long Blades
 13410 | Lair:2   | Found a staircase to the Swamp.
 13445 | Lair:2   | Noticed Erica
 13456 | Lair:2   | Killed Erica
 14075 | Lair:3   | Received a gift from Trog
 14441 | Lair:3   | Found a hole to the Spider Nest.
 14633 | Lair:4   | Noticed Snorg
 14638 | Lair:4   | Killed Snorg
 14638 | Lair:4   | Reached skill level 10 in Dodging
 15023 | Lair:4   | Noticed Nergalle
 15035 | Lair:4   | Killed Nergalle
 15479 | Lair:5   | Reached skill level 14 in Long Blades
 15578 | Lair:5   | Reached XP level 14. HP: 110/118 MP: 10/14
 15639 | Lair:5   | Received a gift from Trog
 15957 | Lair:6   | Entered Level 6 of the Lair of Beasts
 16517 | Lair:6   | Found a staircase to the Slime Pits.
 16524 | Lair:6   | Received a gift from Trog
 16808 | Lair:6   | Noticed Kirke
 16819 | Lair:6   | Killed Kirke
 17276 | Lair:6   | Reached skill level 15 in Long Blades
 17573 | Orc:1    | Entered Level 1 of the Orcish Mines
 17758 | Orc:2    | Entered Level 2 of the Orcish Mines
 17758 | Orc:2    | Found Moelomm's Antique Armour Shop.
 17862 | Orc:2    | Found Etzodoj's General Store.
 17896 | Orc:2    | Bought a scroll of fear for 49 gold pieces
 17896 | Orc:2    | Bought the amulet of the Imp {Acrobat *Corrode rC+ Str+9}
                  | for 802 gold pieces
 18017 | Orc:2    | Found a staircase to the Elven Halls.
 18078 | Orc:2    | Noticed an orc warlord
 18133 | Orc:2    | Bought a glowing helmet for 232 gold pieces
 18185 | Orc:2    | Found Zyfudy's Antique Weapon Shoppe.
 18244 | Orc:2    | Killed an orc warlord
 18295 | Orc:2    | Gained mutation: Your movements are significantly less
                  | encumbered by armour. (ER -6) [demonic ancestry]
 18295 | Orc:2    | Reached XP level 15. HP: 127/127 MP: 15/15
 18420 | Orc:2    | Found Piax's Jewellery Shoppe.
 18593 | Orc:1    | Found a bloodstained altar of Trog.
 18849 | Orc:2    | Bought the ring "Ashel" {rF+ Str+5 Dex+3} for 442 gold
                  | pieces
 18878 | Elf:1    | Entered Level 1 of the Elven Halls
 19022 | Elf:1    | Reached skill level 15 in Fighting
 19178 | Elf:1    | Found a shimmering blue altar of Sif Muna.
 19390 | Elf:1    | Noticed a deep elf sorcerer
 19393 | Elf:1    | Cast into level 2 of the Abyss (a deep elf sorcerer)
 19440 | Abyss:2  | Gained mutation: You occasionally shout uncontrollably at
                  | your foes. [a neqoxec]
 19639 | Abyss:3  | Lost mutation: You are agile. (Dex +2) [a shining eye]
 19649 | Abyss:3  | Paralysed by accursed screaming for 1 turns
 19651 | Abyss:3  | Received a gift from Trog
 19652 | Abyss:3  | Reached skill level 16 in Long Blades
 19707 | Elf:1    | Escaped the Abyss
 19711 | Elf:1    | Killed a deep elf sorcerer
 19713 | Elf:1    | Identified the Handbook of Creative Battle Magic
 20079 | Elf:2    | Found a huge runed translucent gate.
 20079 | Elf:2    | Found a huge runed translucent gate.
 20079 | Elf:2    | Found a huge runed translucent gate.
 20079 | Elf:2    | Found a huge runed translucent gate.
 20081 | Elf:2    | Found a huge runed translucent gate.
 20149 | Elf:2    | Found an ancient bone altar of Kikubaaqudgha.
 20337 | Elf:2    | Gained mutation: When low on magic, you restore magic in
                  | place of health. [demonic ancestry]
 20337 | Elf:2    | Reached XP level 16. HP: 138/138 MP: 16/16
 20419 | Elf:2    | Received a gift from Trog
 21303 | Elf:2    | Reached skill level 17 in Long Blades
 21303 | Elf:2    | Reached skill level 15 in Armour
 21718 | Elf:3    | Entered Level 3 of the Elven Halls
 21745 | Elf:3    | Received a gift from Trog
 21905 | Elf:3    | Cast into level 2 of the Abyss (a deep elf demonologist)
 22252 | Abyss:2  | Noticed a lich
 22270 | Abyss:2  | Killed a lich
 22285 | Elf:3    | Escaped the Abyss
 22290 | Elf:3    | Reached XP level 17. HP: 137/146 MP: 15/17
 22352 | Elf:3    | Noticed a deep elf master archer
 22367 | Elf:3    | Killed a deep elf master archer
 22375 | Elf:3    | Noticed a deep elf blademaster
 22380 | Elf:3    | Killed a ghostly deep elf master archer
 22382 | Elf:3    | Noticed an Ice Fiend
 22383 | Elf:3    | Noticed a deep elf blademaster
 22386 | Elf:3    | HP: 1/146 [acid (9)]
 22386 | Elf:3    | Slain by a deep elf blademaster

Levels and vault maps discovered:
D:1:      dpeg_arrival_ternary, layout_loops_corners, eino_curves_01
D:2:      layout_loops_corners, chequers_ecumenical_altar_grove,
          minmay_splitting_lines
D:3:      kennysheep_the_goblin_king, layout_rooms, overflow_temple_1_default,
          first_ration, hex_intersection
D:4:      layout_basic, minmay_misc_feat_room, kennysheep_donut
D:5:      layout_cave_pools, minmay_misc_feat_square, led_xom_imps,
          uniq_sigmund, uniq_ijyb, uniq_blork_the_orc
D:6:      layout_loops_cross, minmay_temple_entry_poolview,
          lightli_ossuary_entry_decrepit_ruins, cheibrodos_sewer_entry_drain,
          basic_altar, elyvilon_altar_3, uniq_menkaure
D:7:      layout_rooms, eat_drink_and_be_merry_uskayaw, serial_shops, shop
D:8:      layout_cave_pods, gammafunk_temple_overflow_elements, st_stairs_1,
          hangedman_ranch [blue_anna_fruit_fields],
          chequers_serial_rivers_micro_e
D:9:      layout_basic
D:10:     layout_rooms, enter_bailey_3, uniq_sonja
D:11:     giant_chief_lemuel, layout_loops_corners, erik_lair_orcish_takeover,
          orc_0_dummy, minmay_checkerbox
Temple:   compressed_dpeg_circular_temple
Lair:1:   layout_roguey, beast_lair_carwin_5
Lair:2:   layout_loops_ring, skrybe_swamp_entry_bodies, columned_hall_lemuel,
          grunt_megastairs_4, uniq_erica
Lair:3:   layout_gridlike, spider_nest_entry_web_field,
          grunt_forest_stairs_basic
Lair:4:   layout_cave_pods, uniq_nergalle, uniq_snorg
Lair:5:   layout_roguey, st_stairs_4, serial_bayou_lagoon_a,
          beast_lair_carwin_4, grunt_megastairs_5
Lair:6:   due_jungle_book, layout_regular_city, slime_dummy,
          portal_ice_cave_demonic_guard, serial_bayou_shore_b,
          lemuel_fruit_tree, grunt_megastairs_2, uniq_kirke
Orc:1:    nicolae_orc_accident_1, layout_caves, trog_book
Orc:2:    grunt_orc_gardens, layout_caves, grunt_orc_garden, grunt_orc_garden,
          grunt_orc_garden, grunt_orc_garden
Elf:1:    layout_geoelf_octagon, basic_altar, minmay_elf_sorcery
Elf:2:    layout_geoelf_diagonals, basic_altar, drop_trap
Elf:3:    minmay_elf_hall_hex, layout_geoelf_diagonals

Skill      XL: |  1  2  3  4  5  6  7  8  9 10 11 12 13 14 15 16 17 |
---------------+----------------------------------------------------+-----
Long Blades    | 3 4 5 6 7 9 10 11 12 14 15 16 17 | 17.6
Armour         | 2 3 4 5 6 7 8 10 12 13 14 15 | 15.3
Dodging        | 2 3 4 5 6 7 8 9 10 11 12 13 | 13.0
Fighting       | 4 5 6 7 8 9 11 13 14 16 | 16.8

Action                   |  1- 3 |  4- 6 |  7- 9 | 10-12 | 13-15 | 16-18 || total
-------------------------+-------+-------+-------+-------+-------+-------++-------
Melee: Falchion          |     6 |    69 |   289 |       |       |       ||   364
       Short sword       |    90 |   169 |       |       |       |       ||   259
       Kick              |       |    11 |   153 |   259 |   362 |   128 ||   913
       Unarmed           |       |       |    11 |       |       |       ||    11
       Great sword       |       |       |    75 |   468 |       |       ||   543
       Double sword      |       |       |    28 |     5 |       |       ||    33
       Triple sword      |       |       |       |    12 |   652 |   253 ||   917
Throw: Dart              |       |       |       |     1 |     4 |       ||     5
Invok: Berserk           |     2 |     6 |     4 |     8 |    14 |     4 ||    38
       Trog's Hand       |       |       |       |     2 |     9 |     7 ||    18
       Brothers in Arms  |       |       |       |       |     1 |     3 ||     4
Evoke: Wand              |       |     2 |     5 |    13 |     2 |       ||    22
  Use: Scroll            |       |     9 |    19 |     7 |     2 |     2 ||    39
       Potion            |       |       |     5 |    10 |     2 |     5 ||    22
 Stab: Distracted        |       |       |     2 |     2 |       |       ||     4
       Sleeping          |       |       |       |       |       |     1 ||     1
  Eat: Ration            |     1 |       |       |     1 |     2 |     1 ||     5
       Chunk             |       |    12 |    17 |    27 |    37 |     9 ||   102
Armor: Leather armour    |     2 |       |       |       |       |       ||     2
       Plate armour      |    24 |       |       |   234 |       |       ||   258
       Ring mail         |    18 |    12 |    86 |       |       |       ||   116
       Chain mail        |       |    71 |       |       |       |       ||    71
       Skin              |       |       |     3 |       |       |       ||     3
       Scale mail        |       |       |       |    17 |   177 |    56 ||   250
Dodge: Dodged            |    46 |   105 |   303 |   541 |   802 |   242 ||  2039
       Rpst.: Falchion   |     1 |     4 |    50 |       |       |       ||    55
       Great sword       |       |       |    27 |   117 |       |       ||   144
       Double sword      |       |       |     5 |     2 |       |       ||     7
       Triple sword      |       |       |       |     3 |   180 |    46 ||   229
